 Dungeon Crawl Stone Soup version 0.29.0-13-gc9e81de378 (webtiles) character file.

Game seed: 9950480144259555123

5954 Persephone the Fighter (level 10, -5/101 HPs)
             Began as a Minotaur Fighter on Sept 7, 2022.
             Was a Believer of Yredelemnul.
             Slain by a ten-headed hydra (13 damage)
             ... on level 9 of the Dungeon.
             The game lasted 00:12:57 (7881 turns).

Persephone the Fighter (Minotaur Fighter)           Turns: 7881, Time: 00:12:59

Health: -5/101     AC: 20    Str: 28    XL:     10   Next: 54%
Magic:  9/9        EV:  7    Int:  5    God:    Yredelemnul [**....]
Gold:   787        SH:  6    Dex: 13    Spells: 9/9 levels left

rFire   . . .      SeeInvis .   a - +0 war axe (freeze)
rCold   . . .      Faith    .   c - +0 buckler
rNeg    . . .      Spirit   .   r - +1 plate armour
rPois   .          Reflect  .   (helmet restricted)
rElec   .          Harm     .   v - +2 cloak {rCorr}
rCorr   +          Rampage  .   m - +0 pair of gloves
Will    .....                   (no boots)
Stlth   ..........              u - amulet of regeneration
HPRegen 1.06/turn               n - +6 ring of strength
MPRegen 0.11/turn               w - ring of resist corrosion

@: studying Fighting
A: horns 2, retaliatory headbutt
a: Renounce Religion, Recall Undead Harvest, Dark Bargain


You were on level 9 of the Dungeon.
You worshipped Yredelemnul.
Yredelemnul was noncommittal.
You visited 1 branch of the dungeon, and saw 9 of its levels.
You also visited: Ossuary.

You collected 787 gold pieces.

Inventory:

Hand Weapons
 a - a +0 war axe of freezing (weapon)
 D - a +2 war axe
Missiles
 A - 2 silver javelins
Armour
 c - a +0 buckler (worn)
 m - a +0 pair of gloves (worn)
 r - a +1 plate armour (worn)
 v - a +2 cloak of preservation (worn)
Jewellery
 n - a +6 ring of strength (left hand)
 u - an amulet of regeneration (around neck)
 w - a ring of resist corrosion (right hand)
Wands
 i - a wand of paralysis (12)
 t - a wand of flame (16) (quivered)
 C - a wand of iceblast (11)
Scrolls
 k - 2 scrolls of enchant armour
 p - 3 scrolls of immolation
 y - 4 scrolls of blinking
 B - a scroll of summoning
Potions
 b - a potion of resistance
 d - 5 potions of might
 e - 2 potions of brilliance
 f - 3 potions of curing
 g - 4 potions of heal wounds
 h - 5 potions of cancellation
 j - 2 potions of ambrosia
 l - a potion of degeneration
 q - a potion of berserk rage
 s - a potion of lignification {unknown}
 x - 2 potions of attraction {unknown}
 z - 2 potions of magic {unknown}


   Skills:
 + Level 13.2 Fighting
 + Level 9.9 Axes
 + Level 10.2 Armour
 + Level 10.2 Shields


You had 9 spell levels left.
You didn't know any spells.
Your spell library contained the following spells:

 Spells                   Type           Power      Damage    Failure   Level
 Apportation              Tloc           0%         N/A       99%         1
 Ensorcelled Hibernation  Hex/Ice        0%         N/A       100%        2
 Poisonous Vapours        Pois/Air       0%         N/A       100%        2
 Static Discharge         Conj/Air       0%         3-3/arc   100%        2
 Spider Form              Tmut/Pois      0%         N/A       100%        3
 Anguish                  Hex/Necr       0%         N/A       100%        4
 Corpse Rot               Necr/Pois/Air  0%         N/A       100%        4
 Alistair's Intoxication  Tmut/Pois      0%         N/A       100%        5
 Lightning Bolt           Conj/Air       0%         1d11      100%        5
 Maxwell's Capacitive Co  Air            0%         ∞         100%        8


Dungeon Overview and Level Annotations

Branches:
Dungeon (9/15)             Temple (0/1) D:6         Ossuary (visited)
   Lair: D:8-11         Orc: D:9-12

Altars:
Dithmenos
Elyvilon
Makhleb
Nemelex Xobeh
Qazlal
Ru
Uskayaw
Xom
Yredelemnul
Zin

Shops:
D:4 *   D:5 *   D:9 ?


Innate Abilities, Weirdness & Mutations

You have a pair of horns on your head.
You reflexively headbutt those who attack you in melee.


Message History

You are too injured to fight recklessly!
Unknown command.
You are too injured to fight recklessly!
Unknown command.
You are too injured to fight recklessly!
You hit the nine-headed hydra.
The nine-headed hydra seems to slow down.
You freeze the nine-headed hydra.
The nine-headed hydra is moderately wounded.
The nine-headed hydra bites you but does no damage.
The nine-headed hydra bites you!
You block the nine-headed hydra's attack.
The nine-headed hydra bites you but does no damage.
The nine-headed hydra closely misses you.
The nine-headed hydra bites you!
* * * LOW HITPOINT WARNING * * *
The nine-headed hydra bites you but does no damage.
The nine-headed hydra barely misses you.
The nine-headed hydra bites you.
* * * LOW HITPOINT WARNING * * *
You slice one of the nine-headed hydra's heads off!
The eight-headed hydra grows two more!
You slash the ten-headed hydra!
The ten-headed hydra seems to slow down.
You freeze the ten-headed hydra. You headbutt the ten-headed hydra!
The ten-headed hydra is severely wounded.
The ten-headed hydra completely misses you.
The ten-headed hydra bites you.
* * * LOW HITPOINT WARNING * * *
The ten-headed hydra bites you!
* * * LOW HITPOINT WARNING * * *
The ten-headed hydra bites you.
* * * LOW HITPOINT WARNING * * *
You block the ten-headed hydra's attack.
The ten-headed hydra bites you but does no damage. x2
The ten-headed hydra bites you.
* * * LOW HITPOINT WARNING * * *
You block the ten-headed hydra's attack.
The ten-headed hydra bites you!
You die...
Your body rises from the dead as a mindless zombie.

# ## ############# .##
#...........##### #.##
#?.ZZ........Z... ##.########
##.Z≈≈≈≈≈≈≈.≈≈≈≈≈. .##.......#
#.D.C.....≈.....≈. .)##.## #.#
#@#.≈(≈≈≈.≈≈≈≈≈.≈. #).##.###.#
#.#.≈.≈_≈.≈...≈.≈.
##..##.##.######.#.≈.≈.≈.≈.≈.≈.≈.
#..##...#..........≈.≈...≈.≈_≈.≈.
..##..##...........≈.≈≈≈≈≈.≈≈≈.≈.
.##..##.#.......[..≈.....≈.....≈.
##..##.............≈≈≈≈≈.≈≈≈≈≈≈≈.
#..##............................
..##..............###......#....#


You could see a ten-headed hydra (slow, ally target), a cyclops, 2 friendly yak
zombies and a friendly kobold brigand zombie.

Vanquished Creatures
  A two-headed ogre (D:9)
  A tengu warrior (D:9)
  4 yaks (D:9)
  Sigmund (D:5)
  A steam dragon (D:8)
  2 water moccasins
  2 sky beasts (D:6)
  6 black bears
  2 orc warriors
  An ice beast (D:5)
  An ogre (D:6)
  A phantom (D:4)
  3 kobold brigands
  2 bullfrogs
  A necrophage (D:5)
  5 scorpions
  18 wights
  A howler monkey (D:9)
  A hound (D:4)
  A centaur zombie (Ossuary)
  2 jellies
  4 orc priests
  Jessica (D:3)
  3 iguanas
  5 orc wizards
  A hound zombie (D:3)
  2 mummies (Ossuary)
  10 gnolls
  5 adders
  A shadow imp (D:6)
  3 white imps
  An ufetubus (D:6)
  A worm (D:3)
  4 dart slugs
  26 orcs
  7 bats
  5 endoplasms
  3 giant cockroaches
  3 gnoll zombies (Ossuary)
  2 goblins
  8 hobgoblins
  6 jackals (D:1)
  16 kobolds
  A quokka (D:1)
  8 ball pythons
  2 frilled lizards
  2 goblin zombies (Ossuary)
  5 hobgoblin zombies (Ossuary)
  A kobold zombie (D:5)
  3 orc zombies (Ossuary)
  2 quokka zombies (D:3)
  5 rats
203 creatures vanquished.

Vanquished Creatures (collateral kills)
  A phantom (D:5)
  An orc priest (D:5)
  A gnoll bouda (D:8)
  An orc wizard (D:9)
  An orc (D:5)
  A goblin (D:4)
  2 kobolds
  A rat (D:3)
9 creatures vanquished.

Vanquished Creatures (others)
  A tengu zombie (D:9)
  3 kobold zombies
  A howler monkey zombie (D:9)
  4 orc zombies
9 creatures vanquished.

Grand Total: 221 creatures vanquished

Notes
Turn   | Place    | Note
-------+----------+-------------------------------------------
     0 | D:1      | Persephone the Minotaur Fighter began the quest for the
                  | Orb.
     0 | D:1      | Reached XP level 1. HP: 19/19 MP: 0/0
   110 | D:1      | Reached XP level 2. HP: 27/27 MP: 1/1
   650 | D:1      | Reached skill level 4 in Fighting
   650 | D:1      | Reached XP level 3. HP: 29/33 MP: 2/2
  1423 | D:2      | Reached XP level 4. HP: 40/40 MP: 3/3
  1759 | D:3      | Noticed Jessica
  1764 | D:3      | Killed Jessica
  2056 | D:3      | Reached XP level 5. HP: 42/47 MP: 4/4
  2280 | D:3      | Noticed a black bear
  2288 | D:3      | Killed a black bear
  2289 | D:3      | Reached skill level 5 in Fighting
  2289 | D:3      | Reached skill level 5 in Armour
  2289 | D:3      | Reached skill level 5 in Shields
  2381 | D:3      | Found a basalt altar of Yredelemnul.
  2399 | D:3      | Became a worshipper of Yredelemnul the Dark
  2523 | D:3      | Reached XP level 6. HP: 56/56 MP: 5/5
  2557 | D:3      | Found a faded altar of an unknown god.
  2771 | D:4      | Found a glowing silver altar of Zin.
  2954 | D:4      | Found Ufer's Assorted Antiques.
  3202 | D:4      | Found a hide-covered altar of Uskayaw.
  3352 | D:4      | Reached skill level 5 in Axes
  3352 | D:4      | Reached XP level 7. HP: 55/62 MP: 6/6
  3563 | D:5      | Entered Level 5 of the Dungeon
  3567 | D:5      | Found Usaomari's Overcharged Wands.
  3571 | D:5      | Noticed Sigmund
  3587 | D:5      | Reached skill level 6 in Fighting
  3589 | D:5      | Killed Sigmund
  3937 | D:5      | Reached * piety under Yredelemnul
  3951 | D:5      | Reached skill level 7 in Fighting
  4084 | D:5      | Found a sand-covered staircase.
  4089 | D:5      | Reached ** piety under Yredelemnul
  4092 | D:5      | Reached XP level 8. HP: 56/73 MP: 7/7
  4099 | Ossuary  | Entered an ossuary
  4357 | D:5      | Reached skill level 8 in Fighting
  5186 | D:6      | Found a staircase to the Ecumenical Temple.
  5309 | D:6      | Identified the +3 leather armour "Ytrim" {+Blink rC- Int+4
                  | Dex+8}
  5373 | D:6      | Reached skill level 9 in Fighting
  5438 | D:6      | Found a shadowy altar of Dithmenos.
  5683 | D:6      | Reached XP level 9. HP: 65/85 MP: 8/8
  5980 | D:7      | Reached skill level 10 in Fighting
  6284 | D:7      | Found a burning altar of Makhleb.
  6335 | D:7      | Reached skill level 11 in Fighting
  6662 | D:8      | Found a stormy altar of Qazlal.
  6993 | D:8      | Found a white marble altar of Elyvilon.
  7159 | D:8      | Reached XP level 10. HP: 97/97 MP: 9/9
  7165 | D:8      | Reached skill level 12 in Fighting
  7349 | D:9      | Found a sparkling altar of Nemelex Xobeh.
  7364 | D:9      | Noticed a two-headed ogre
  7371 | D:9      | Killed a two-headed ogre
  7452 | D:9      | Found a sacrificial altar of Ru.
  7457 | D:9      | Found a shimmering altar of Xom.
  7482 | D:9      | Noticed a cyclops
  7483 | D:9      | Noticed a six-headed hydra
  7485 | D:9      | Noticed a tengu warrior
  7487 | D:9      | Noticed a gargoyle
  7526 | D:9      | Killed a tengu warrior
  7590 | D:9      | Reached skill level 10 in Armour
  7590 | D:9      | Reached skill level 10 in Shields
  7738 | D:9      | Reached skill level 13 in Fighting
  7815 | D:9      | Found Xumiohi's Magic Scroll Boutique.
  7881 | D:9      | Slain by a ten-headed hydra

Illustrated notes

Levels and vault maps discovered:
D:1:      minmay_arrival_semitransparent, layout_loops_ring, minmay_pentomino_z2
D:2:      layout_basic
D:3:      layout_basic, nicolae_yredelemnul_corpse_copse,
          hellmonk_ecumenical_altar_run_dry, kennysheep_flooded_box,
          uniq_jessica
D:4:      layout_gridville, mainiacjoe_overflow_six_doors_small,
          kennysheep_little_box, serial_shops, kennysheep_mini_moat
D:5:      layout_gridville, enter_ossuary_3, minmay_misc_feat_x,
          nicolae_shop_overcharged_wands, uniq_sigmund
D:6:      layout_loops_corners, lemuel_crystal_altar, temple_pool_b
D:7:      layout_cave_pools, lemuel_doored_altar, grunt_ministairs_6
D:8:      layout_gridville, mainiacjoe_overflow_paths, elyvilon_altar_5
D:9:      layout_rooms, nemelex_spade_bored_becter,
          mainiacjoe_overflow_catwalk_spiral, serial_shops,
          nicolae_inconvenience_store, minmay_diamond_spiral

Skill      XL: |  1  2  3  4  5  6  7  8  9 10 |
---------------+-------------------------------+-----
Shields        | 4 5 6 7 9 10 | 10.2
Fighting       | 4 5 7 9 11 13 | 13.2
Axes           | 3 4 5 6 7 9 |  9.9
Armour         | 4 5 6 7 9 10 | 10.2

Action                   |  1- 3 |  4- 6 |  7- 9 | 10-12 || total
-------------------------+-------+-------+-------+-------++-------
Melee: War axe           |    89 |    98 |   261 |    63 ||   511
       Headbutt          |     8 |    16 |    58 |    13 ||    95
Invok: Recall Undead Har |       |       |     1 |       ||     1
Evoke: Wand              |       |       |       |     5 ||     5
  Use: Scroll            |       |     8 |     4 |     6 ||    18
Armor: Scale mail        |    24 |       |       |       ||    24
       Chain mail        |    39 |     1 |       |       ||    40
       Plate armour      |       |    68 |   170 |    67 ||   305
Dodge: Dodged            |    37 |    37 |    80 |    35 ||   189
Block: Buckler           |    21 |    36 |    62 |    30 ||   149
